 Dungeon Sprint DCSS version 0.22.0-21-g8bd1b0a (webtiles) character file.

18300000 poirepourri the Middleweight Champion (level 27, -33/272 (273) HPs)
             Began as a Ghoul Gladiator on Aug 19, 2018.
             Was the Champion of Makhleb.
             Annihilated by The Servant
             ... wielding a +9 glaive of flaming
              (105 damage)
             ... in the Dungeon (Sprint VIII: "Arena of Blood").
             The game lasted 00:04:16 (183 turns).

poirepourri the Middleweight Champion (GhGl)         Turns: 183, Time: 00:04:17

HP:   -33/272 (273) AC:  8    Str: 22    XL:     27
MP:   31/53         EV: 34    Int:  3    God:    Makhleb [******]
Gold: 0             SH:  0    Dex: 19    Spells: 80/80 levels left

rFire    . . .     SeeInvis .   k - +∞ Axe of Woe
rCold    + . .     Gourm    .   (shield currently unavailable)
rNeg     + + +     Faith    .   a - +0 leather armour
rPois    ∞         Spirit   .   b - +0 helmet
rElec    .         Reflect  .   (no cloak)
rCorr    .         Harm     .   (no gloves)
MR       ++...     NoTele   +   (no boots)
Stlth    ++++......             (no amulet)
HPRegen  0.00/turn              (no ring)
MPRegen  0.33/turn              (no ring)

@: rotting, slowed, very slow
A: rotting body, claws 1, carnivore, cold resistance 1, negative energy
resistance 3, inhibited regeneration, torment resistance, unbreathing
0: Orb of Zot
a: Minor Destruction, Lesser Servant of Makhleb, Major Destruction, Greater
Servant of Makhleb, Renounce Religion


You were in the Dungeon.
You worshipped Makhleb.
Makhleb was exalted by your worship.
You were not hungry.

You visited 1 branch

Inventory:

Hand Weapons
 k - the +∞ Axe of Woe (weapon)
   (You found it in the Dungeon)
Missiles
 c - 3 throwing nets (quivered)
Armour
 a - a +0 leather armour (worn)
 b - a +0 helmet (worn)
Scrolls
 j - a scroll of blinking
Potions
 e - a potion of curing
 f - a potion of heal wounds
 g - a potion of haste
 h - 2 potions of magic
 i - a potion of berserk rage
Comestibles
 d - a ration


   Skills:
 O Level 27 Fighting
 O Level 27 Axes
 O Level 27 Throwing
 O Level 27 Armour
 O Level 27 Dodging
 O Level 27 Stealth
 O Level 27 Unarmed Combat
 O Level 27 Spellcasting
 O Level 27 Invocations


You had 80 spell levels left.
You didn't know any spells.
Your spell library was empty.

Dungeon Overview and Level Annotations

Branches:
Dungeon (1/1)

Altars:
Makhleb

Annotations:
D The Servant


Innate Abilities, Weirdness & Mutations

Your body is rotting away.
You thrive on raw meat.
You are immune to poison.
You have sharp fingernails.
You are carnivorous and can eat meat at any time.
Your flesh is cold resistant. (rC+)
You are immune to negative energy. (rN+++)
You do not regenerate when monsters are visible.
You are immune to unholy pain and torment.
You can survive without breathing.


Message History

* * * LOW HITPOINT WARNING * * *
You hear a shout!
The eight-headed meat hydra roars!
You hear a shout!
You slice the sculptor of flesh!!
You cleave the sculptor of flesh in twain.
You destroy the sculptor of flesh!
Makhleb accepts your kill.
You feel better.
You are engulfed in blazing flames.
* * * LOW HITPOINT WARNING * * *
The eight-headed meat hydra is engulfed in blazing flames.
Unknown command.
You slice one of the eight-headed meat hydra's heads off!
The seven-headed meat hydra grows two more!
You slice the nine-headed meat hydra!!
You chop the nine-headed meat hydra into pieces.
You kill the nine-headed meat hydra!
Makhleb accepts your kill.
You feel better.
You are engulfed in blazing flames.
* * * LOW HITPOINT WARNING * * *
The Servant hits you from afar with a +9 glaive of flaming!!!!
You die...

..... .. #... O.# .
#... X.# ..###%..
...###...
o%....###......o.
....%_{.%...... .
#)@)).# ..... ...
#_)<)_#.Oo...
..§.§#@)%)%#......
#.D..o§))_%){.%....
.....§§§###)%......
...###.%.§§§.###...
.. #....§..#
#......%#
.%........
...........
.....%.%..%


You could see The Servant, an eight-headed meat hydra and a bag of meat.

Vanquished Creatures
  Dispater (D)
  17 hell knights (D)
  Sigmund (D)
  27 hell beasts (D)
  Edmund (D)
  19 greater mummies (D)
  14 great orbs of eyes (D)
  10 wraiths (D)
  24 vampire knights (D)
  57 ogres (D)
  16 two-headed ogres (D)
  9 liches (D)
  15 hydras (D)
  138 orcs (D)
  12 phantoms (D)
  14 skeletal warriors (D)
  9 sea snakes (D)
  12 large abominations (D)
  21 small abominations (D)
  27 crawling corpses (D)
444 creatures vanquished.

Vanquished Creatures (others)
  5 ball lightnings (D)
  10 crawling corpses (D)
15 creatures vanquished.

Grand Total: 459 creatures vanquished

Notes
Turn   | Place    | Note
-------+----------+-------------------------------------------
     0 | D        | Found the +∞ Axe of Woe
     0 | D        | poirepourri the Ghoul Gladiator began the quest for the Orb.
     0 | D        | Reached XP level 1. HP: 17/17 MP: 0/0
     3 | D        | Became a worshipper of Makhleb the Destroyer
     3 | D        | Noticed a bag of meat
     5 | D        | Noticed a bag of meat
     6 | D        | Noticed a bag of meat
     6 | D        | Noticed a bag of meat
     8 | D        | Noticed a meat berserker
     9 | D        | Killed a bag of meat
     9 | D        | Reached skill level 15 in Dodging
     9 | D        | Reached XP level 2. HP: 40/40 MP: 1/1
     9 | D        | Reached XP level 3. HP: 47/47 MP: 2/2
     9 | D        | Reached XP level 4. HP: 55/55 MP: 3/3
     9 | D        | Reached XP level 5. HP: 61/61 MP: 4/4
     9 | D        | Reached XP level 6. HP: 68/68 MP: 5/5
     9 | D        | Reached XP level 7. HP: 74/74 MP: 6/6
     9 | D        | Reached XP level 8. HP: 82/82 MP: 7/7
     9 | D        | Reached XP level 9. HP: 89/89 MP: 8/8
     9 | D        | Reached XP level 10. HP: 96/96 MP: 9/9
     9 | D        | Reached XP level 11. HP: 103/103 MP: 10/10
     9 | D        | Reached XP level 12. HP: 110/110 MP: 11/11
    10 | D        | Killed a meat berserker
    10 | D        | Reached * piety under Makhleb
    10 | D        | Reached XP level 13. HP: 79/125 MP: 12/12
    10 | D        | Reached XP level 14. HP: 84/133 MP: 13/13
    10 | D        | Noticed a bag of meat
    10 | D        | Noticed a bag of meat
    10 | D        | Noticed a bag of meat
    11 | D        | Killed a bag of meat
    11 | D        | Reached skill level 15 in Fighting
    11 | D        | Killed a bag of meat
    11 | D        | Reached XP level 15. HP: 117/145 MP: 14/14
    11 | D        | Noticed a meat berserker
    13 | D        | Reached ** piety under Makhleb
    13 | D        | Reached skill level 1 in Armour
    14 | D        | Reached skill level 10 in Axes
    14 | D        | Reached skill level 27 in Unarmed Combat
    14 | D        | Reached XP level 16. HP: 157/157 MP: 15/15
    15 | D        | Reached skill level 15 in Throwing
    15 | D        | Reached *** piety under Makhleb
    15 | D        | Noticed a meat berserker
    15 | D        | Noticed a meat berserker
    16 | D        | Killed a meat berserker
    16 | D        | Reached skill level 5 in Armour
    16 | D        | Reached skill level 27 in Dodging
    16 | D        | Reached XP level 17. HP: 165/174 MP: 16/16
    16 | D        | Noticed a meat berserker
    16 | D        | Noticed a meat berserker
    17 | D        | Reached **** piety under Makhleb
    17 | D        | Reached XP level 18. HP: 189/189 MP: 17/17
    18 | D        | Killed a meat berserker
    19 | D        | Noticed a meat berserker
    20 | D        | Killed a meat berserker
    20 | D        | Reached skill level 27 in Fighting
    20 | D        | Reached XP level 19. HP: 188/207 MP: 18/18
    20 | D        | Reached skill level 27 in Axes
    20 | D        | Reached ***** piety under Makhleb
    21 | D        | Killed a meat berserker
    21 | D        | Reached skill level 27 in Throwing
    21 | D        | Reached XP level 20. HP: 216/216 MP: 19/19
    22 | D        | Noticed a meat berserker
    22 | D        | Noticed a large bag of meat
    23 | D        | Killed a meat berserker
    23 | D        | Noticed a large bag of meat
    24 | D        | Killed a meat berserker
    24 | D        | Reached skill level 27 in Armour
    24 | D        | Reached XP level 21. HP: 224/224 MP: 20/20
    24 | D        | Killed a meat berserker
    24 | D        | Reached skill level 15 in Stealth
    28 | D        | Reached ****** piety under Makhleb
    29 | D        | Noticed a meat berserker
    29 | D        | Noticed a meat berserker
    29 | D        | Noticed a large bag of meat
    30 | D        | Killed a large bag of meat
    30 | D        | Reached XP level 22. HP: 163/233 MP: 21/42
    30 | D        | Noticed a large bag of meat
    31 | D        | Killed a large bag of meat
    31 | D        | Reached skill level 27 in Stealth
    31 | D        | Reached skill level 27 in Invocations
    32 | D        | Reached XP level 23. HP: 194/240 MP: 21/50
    34 | D        | Reached skill level 27 in Spellcasting
    37 | D        | Reached XP level 24. HP: 249/249 MP: 22/53
    39 | D        | Killed a large bag of meat
    40 | D        | Noticed a large bag of meat
    41 | D        | Noticed a destroyer
    42 | D        | Reached XP level 25. HP: 257/257 MP: 24/53
    42 | D        | Killed a large bag of meat
    43 | D        | Noticed a destroyer
    44 | D        | Reached XP level 26. HP: 266/266 MP: 24/53
    44 | D        | Noticed an accursed
    45 | D        | Noticed a large bag of meat
    45 | D        | Noticed a large bag of meat
    46 | D        | Noticed an accursed
    47 | D        | Killed a large bag of meat
    47 | D        | Reached XP level 27. HP: 273/273 MP: 25/53
    47 | D        | Noticed a destroyer
    49 | D        | Killed a destroyer
    49 | D        | Noticed an accursed
    50 | D        | Killed a destroyer
    50 | D        | Noticed a large bag of meat
    50 | D        | Noticed a destroyer
    51 | D        | Noticed a destroyer
    54 | D        | Killed a large bag of meat
    56 | D        | Killed an accursed
    57 | D        | Noticed an accursed
    58 | D        | Killed a destroyer
    59 | D        | Killed a large bag of meat
    59 | D        | Noticed a meat beast
    60 | D        | Killed an accursed
    60 | D        | Killed a destroyer
    61 | D        | Killed an accursed
    61 | D        | Noticed a large bag of meat
    62 | D        | Killed a large bag of meat
    63 | D        | Killed a meat beast
    63 | D        | Noticed a dread
    66 | D        | Noticed a large bag of meat
    66 | D        | Noticed a destroyer
    69 | D        | Noticed a dread
    69 | D        | Noticed a destroyer
    71 | D        | Killed a destroyer
    71 | D        | Killed a large bag of meat
    71 | D        | Killed a destroyer
    71 | D        | Noticed a meat beast
    71 | D        | Noticed an accursed
    73 | D        | Killed an accursed
    74 | D        | Killed a meat beast
    74 | D        | Noticed a meat beast
    75 | D        | Killed a dread
    76 | D        | Killed a meat beast
    77 | D        | Killed a dread
    77 | D        | Noticed a meat beast
    77 | D        | Noticed a tyrant
    77 | D        | Noticed a meat beast
    77 | D        | Noticed a destroyer
    78 | D        | Noticed a meat beast
    78 | D        | Noticed The Captor
    79 | D        | Noticed an accursed
    79 | D        | Noticed a tyrant
    79 | D        | Noticed a destroyer
    80 | D        | Killed a meat beast
    82 | D        | Killed a meat beast
    82 | D        | Killed a large bag of meat
    83 | D        | Killed a destroyer
    83 | D        | Noticed a meat beast
    84 | D        | Noticed a dread
    84 | D        | Noticed a destroyer
    86 | D        | Killed The Captor
    86 | D        | Killed an accursed
    86 | D        | Killed a meat beast
    86 | D        | Noticed a large bag of meat
    87 | D        | Noticed a meat beast
    88 | D        | Killed a tyrant
    89 | D        | Noticed a meat beast
    89 | D        | Noticed a destroyer
    89 | D        | Noticed a meat beast
    90 | D        | Noticed a meat beast
    90 | D        | Killed a meat beast
    90 | D        | Noticed a meat beast
    91 | D        | Noticed a meat beast
    91 | D        | Noticed a dread
    92 | D        | Noticed The Servant
    92 | D        | Killed a dread
    92 | D        | Killed a destroyer
    93 | D        | Killed a meat beast
    93 | D        | Killed a destroyer
    93 | D        | Noticed a meat beast
    94 | D        | Killed a tyrant
    94 | D        | Noticed a tyrant
    94 | D        | Noticed a large bag of meat
    95 | D        | Noticed a large bag of meat
    95 | D        | Killed a meat beast
    95 | D        | Killed a meat beast
    95 | D        | Noticed an accursed
    96 | D        | Noticed a meat beast
    96 | D        | Killed a meat beast
    96 | D        | Killed a large bag of meat
    96 | D        | Noticed a meat beast
    97 | D        | Killed a meat beast
    97 | D        | Noticed a meat beast
    97 | D        | Noticed a meat beast
    98 | D        | Noticed an accursed
    98 | D        | Killed a meat beast
    98 | D        | Killed a meat beast
    98 | D        | Noticed a tyrant
    98 | D        | Noticed a meat beast
    98 | D        | Noticed a tyrant
    98 | D        | Noticed a tyrant
    99 | D        | Killed a destroyer
    99 | D        | Killed a destroyer
    99 | D        | Noticed a meat beast
   100 | D        | Killed a dread
   101 | D        | Noticed a meat beast
   101 | D        | Killed a meat beast
   102 | D        | Killed a meat beast
   103 | D        | Noticed a destroyer
   103 | D        | Noticed a tyrant
   104 | D        | Noticed a meat beast
   104 | D        | Noticed a meat beast
   104 | D        | Killed a meat beast
   105 | D        | Noticed a large bag of meat
   105 | D        | Killed a meat beast
   105 | D        | Killed a meat beast
   105 | D        | Killed a large bag of meat
   105 | D        | Noticed an accursed
   106 | D        | Noticed The Defiler
   106 | D        | Killed a meat beast
   107 | D        | Killed a meat beast
   107 | D        | Killed a destroyer
   107 | D        | Noticed a meat beast
   108 | D        | Noticed a meat beast
   109 | D        | Killed a large bag of meat
   109 | D        | Killed an accursed
   109 | D        | Killed a meat beast
   109 | D        | Noticed an accursed
   110 | D        | Noticed an accursed
   110 | D        | Noticed a tyrant
   111 | D        | Killed a meat beast
   112 | D        | Killed an accursed
   112 | D        | Killed a large bag of meat
   113 | D        | Noticed a destroyer
   113 | D        | Killed a tyrant
   116 | D        | Killed a meat beast
   117 | D        | Killed a tyrant
   117 | D        | Killed an accursed
   118 | D        | Killed a meat beast
   118 | D        | Noticed an accursed
   120 | D        | Noticed a destroyer
   120 | D        | Killed a tyrant
   120 | D        | Noticed an accursed
   121 | D        | Killed a tyrant
   122 | D        | Killed The Defiler
   123 | D        | Killed a destroyer
   124 | D        | Noticed an accursed
   124 | D        | Noticed a dread
   125 | D        | Noticed a dread
   126 | D        | Noticed a destroyer
   127 | D        | Noticed a fleshlord
   128 | D        | Noticed a large bag of meat
   129 | D        | Noticed a fleshlord
   130 | D        | Killed an accursed
   130 | D        | Killed a destroyer
   131 | D        | Noticed a fleshlord
   131 | D        | Killed a large bag of meat
   132 | D        | Killed a dread
   133 | D        | Killed an accursed
   133 | D        | Killed a tyrant
   134 | D        | Killed an accursed
   134 | D        | Noticed a fleshlord
   134 | D        | Noticed a fleshlord
   137 | D        | Killed a fleshlord
   137 | D        | Killed a tyrant
   137 | D        | Noticed a dread
   138 | D        | Killed a fleshlord
   138 | D        | Killed a destroyer
   138 | D        | Noticed an accursed
   139 | D        | Killed a fleshlord
   140 | D        | Killed a dread
   141 | D        | Killed a fleshlord
   143 | D        | Killed a fleshlord
   145 | D        | Noticed a dread
   146 | D        | Killed an accursed
   146 | D        | Noticed an accursed
   147 | D        | Killed an accursed
   147 | D        | Noticed The Meatlord
   148 | D        | Noticed a destroyer
   149 | D        | Killed an accursed
   149 | D        | Noticed a fleshlord
   150 | D        | Killed a dread
   150 | D        | Noticed a fleshlord
   151 | D        | Noticed a fleshlord
   151 | D        | Killed an accursed
   152 | D        | Killed an accursed
   153 | D        | Killed a destroyer
   154 | D        | Noticed a destroyer
   154 | D        | Killed a dread
   155 | D        | Killed a fleshlord
   155 | D        | Killed a fleshlord
   155 | D        | Noticed an accursed
   156 | D        | Killed a fleshlord
   157 | D        | Killed a destroyer
   158 | D        | Noticed a fleshlord
   158 | D        | Noticed a meat beast
   159 | D        | Killed an accursed
   159 | D        | Noticed a dread
   159 | D        | Noticed an accursed
   159 | D        | Noticed a tyrant
   160 | D        | Noticed a destroyer
   160 | D        | Killed The Meatlord
   160 | D        | Killed a meat beast
   160 | D        | Killed a fleshlord
   160 | D        | Noticed a fleshlord
   160 | D        | Noticed a fleshlord
   161 | D        | Noticed a fleshlord
   161 | D        | Killed a fleshlord
   161 | D        | Noticed a dread
   162 | D        | Got the Orb of Zot
   162 | D        | Noticed a large bag of meat
   163 | D        | Noticed a fleshlord
   163 | D        | Killed a fleshlord
   163 | D        | Killed a destroyer
   163 | D        | Killed an accursed
   163 | D        | Noticed a destroyer
   163 | D        | Noticed a destroyer
   164 | D        | Noticed a destroyer
   164 | D        | Killed a dread
   165 | D        | Noticed a meat beast
   166 | D        | Killed a destroyer
   167 | D        | Noticed a fleshlord
   167 | D        | Noticed a destroyer
   167 | D        | Noticed an accursed
   168 | D        | Killed a dread
   169 | D        | Killed a destroyer
   169 | D        | Noticed a destroyer
   170 | D        | Killed a meat beast
   171 | D        | Killed an accursed
   171 | D        | Killed a fleshlord
   171 | D        | Killed a fleshlord
   172 | D        | Killed a destroyer
   172 | D        | Noticed a destroyer
   173 | D        | Killed a fleshlord
   173 | D        | Noticed a fleshlord
   174 | D        | Killed a tyrant
   175 | D        | Killed a destroyer
   175 | D        | Killed a large bag of meat
   175 | D        | Noticed a fleshlord
   176 | D        | Killed a destroyer
   176 | D        | Killed a fleshlord
   177 | D        | Killed a fleshlord
   178 | D        | Killed a destroyer
   178 | D        | Noticed a fleshlord
   180 | D        | Killed a fleshlord
   181 | D        | HP: 1/272 [The Servant/+9 glaive of flaming (35)]
   183 | D        | Annihilated by The Servant

Skill      XL: |  1  2  3  4  5  6  7  8  9 10 11 12 13 14 15 16 17 18 19 20 21 22 23 |
---------------+----------------------------------------------------------------------+-----
Fighting       | 11 14 16 18 21 23 27 | 27.0
Axes           | 4 6 8 10 16 19 26 27 | 27.0
Throwing       | 9 11 13 14 17 18 21 27 | 27.0
Dodging        | 15 19 21 23 27 | 27.0
Unarmed Combat | 18 23 25 27 | 27.0
Armour         | 1 5 7 11 17 27 | 27.0
Stealth        | 22 27 | 27.0
Spellcasting   | 17 24 27 | 27.0
Invocations    | 21 27 | 27.0

Action                   |  1- 3 |  4- 6 |  7- 9 | 10-12 | 13-15 | 16-18 | 19-21 | 22-24 | 25-27 || total
-------------------------+-------+-------+-------+-------+-------+-------+-------+-------+-------++-------
Melee: Executioner's axe |     1 |       |       |     1 |     3 |     5 |     6 |     9 |   128 ||   153
Invok: Greater Servant o |       |       |       |       |       |       |       |       |     2 ||     2
Armor: Leather armour    |       |       |       |       |       |       |       |       |     2 ||     2
Dodge: Dodged            |       |       |       |       |     1 |     1 |     1 |       |    43 ||    46
